AoeStats
← TM Caesar

Hideout

508298108Analyzed
1v1 RM · 11d ago on Sep 21, 2026· 50m 43s· 2 players
Game mode
Random Map
Map size
Tiny (2 player)
Population
200
Speed
Normal
Resources
Standard
Victory
Conquest
Starting age
Dark Age
Ending age
Imperial Age
RankedLock teamsTeams togetherTeam positionsShared explorationLock speedFull tech treeHidden civsTurbo modeCheats
Victory
Defeat
🇫🇷 Byzantines · France
1692
+14
🇦🇷 Mongols · Argentina
1649
-14
TM Caesar
9:44 Feudal Age
13:58 Castle Age
12:57 Double-Bit Axe
18:36 Loom
22:43 Fletching
25:17 Bodkin Arrow
27:22 Padded Archer Armor
27:30 Town Watch
29:21 Wheelbarrow
29:44 Bow Saw
33:12 Imperial Age
31:03 Scale Barding Armor
32:17 Chain Barding Armor
31:50 Horse Collar
33:02 Gold Mining
34:02 Bloodlines
33:57 Bracer
36:21 Conscription
36:17 Husbandry
36:18 Stone Mining
37:16 Parthian Tactics
37:32 Heavy Plow
38:22 Ballistics
39:04 Hand Cart
39:10 Forging
39:25 Masonry
41:29 Leather Archer Armor
42:19 Gold Shaft Mining
41:59 Thumb Ring
42:46 Elite Mangudai
43:27 Light Cavalry
46:41 Chemistry
45:53 Hussar
47:54 Heavy Camel Rider
50:27 Capped Ram
ElRudyGrando
9:41 Feudal Age
8:34 Loom
9:51 Man-at-Arms
12:38 Arson
17:23 Wheelbarrow
18:54 Double-Bit Axe
22:57 Castle Age
22:01 Fletching
22:43 Padded Archer Armor
23:12 Elite Skirmisher
23:53 Bodkin Arrow
26:26 Bow Saw
27:56 Wheelbarrow
28:02 Wheelbarrow
29:22 Hand Cart
30:18 Ballistics
30:32 Gold Mining
30:53 Scale Barding Armor
31:40 Horse Collar
33:02 Stone Mining
33:49 Heavy Plow
33:55 Crossbowman
38:49 Imperial Age
37:02 Gold Shaft Mining
36:41 Husbandry
37:36 Chain Barding Armor
37:52 Forging
38:20 Leather Archer Armor
39:35 Stone Shaft Mining
39:21 Thumb Ring
40:08 Plate Barding Armor
38:55 Heavy Camel Rider
40:47 Chemistry
39:29 Treadmill Crane
39:55 Bracer
41:55 Conscription
42:35 Ring Archer Armor
43:03 Iron Casting
43:59 Fortified Wall
46:27 Bombard Tower
47:30 Two-Man Saw
46:48 Thumb Ring
48:31 Guilds
Connection lost

Rejoining the realm…

Still unreachable

The connection could not be restored.

Session expired

The server has moved on; the page needs a fresh start.